Map: 2000 Atmospheres LE

Players

Cham

  • Race: Zerg Zerg
  • League: Master

JimRising - Winner!

  • Race: Zerg Zerg
  • League: Grandmaster

Event: DreamHack SC2 Masters 2021 Summer

VOD

Have the link to the VOD?

Description

Time

  • Played on: May 20, 2021, 5:34 p.m.
  • Length: 7:24

All games in this series

Show
View Real Time Build Order
Export as new Build Order

Cham Zerg 

Build Orders: Hatch First 

Get SALT Encoding   

  12  0:00  Drone  
  13  0:08  Drone  
  14  0:17  Overlord  
  14  0:36  Drone x2  
  16  0:47  Hatchery  
  15  0:51  Drone  
  15  0:55  Drone  
  17  1:00  Drone  
  18  1:09  Extractor  
  17  1:13  Spawning Pool  
  17  1:16  Drone  
  17  1:20  Drone  
  18  1:30  Drone  
  19  1:41  Drone  
  20  1:53  Drone  
  21  2:00  Queen  
  21  2:01  Queen  
  25  2:03  Zergling x2  
  25  2:05  Overlord  
  26  2:11  Drone  
  26  2:14  Drone  
  28  2:16  Metabolic Boost  
  28  2:27  Drone  
  28  2:28  Drone  
  30  2:34  Hatchery  
  29  2:41  Drone x2  
  31  2:47  Overlord  
  30  2:53  Drone  
  30  2:56  Drone  
  32  3:01  Overlord  
  32  3:02  Baneling Nest  
  31  3:08  Zergling x6, Drone  
  35  3:13  Drone  
  35  3:15  Lair  
  35  3:19  Drone  
  37  3:21  Extractor  
  37  3:22  Drone  
  37  3:27  Drone x2  
  39  3:28  Drone  
  39  3:32  Drone  
  41  3:38  Overlord  
  41  3:41  Drone x3  
  41  3:45  Zergling x2  
  41  3:46  Baneling  
  41  3:47  Drone  
  46  3:49  Drone x2  
  46  3:54  Extractor x2  
  46  3:55  Overlord  
  46  3:59  Zergling x4  
  48  4:08  Drone  
  48  4:09  Drone x2  
  50  4:15  Spire  
  49  4:17  Drone  
  49  4:18  Drone x3  
  49  4:21  Drone x2  
  49  4:24  Drone  
  56  4:26  Drone  
  57  4:31  Overlord  
  57  4:32  Zergling x2  
  57  4:34  Zergling x2  
  59  4:40  Zergling x2, Overlord  
  59  4:43  Zergling x2  
  61  4:46  Queen  
  61  4:49  Zergling x2  
  61  4:52  Zergling x2  
  65  4:53  Zergling x2, Overlord  
  65  4:59  Overlord  
  66  5:01  Overlord  
  66  5:04  Spine Crawler  
  65  5:07  Zergling x4, Spine Crawler  
  66  5:17  Overlord  
  66  5:22  Overlord  
  66  5:27  Mutalisk x6  
  80  5:29  Mutalisk  
  80  5:32  Mutalisk  
  84  5:39  Mutalisk  
  84  5:41  Overlord  
  85  5:45  Zergling x8  
  89  5:51  Mutalisk  
  89  5:52  Spine Crawler  
  89  5:56  Zergling x6  
  93  6:01  Mutalisk  
  93  6:03  Zergling x4  
  93  6:05  Zergling x2  
  93  6:06  Zergling x2  
  93  6:11  Mutalisk  
  85  6:18  Zergling x4  
  59  6:36  Zergling x8  
  53  6:44  Zergling x4  
  50  6:52  Mutalisk  
  50  6:56  Zergling x2  
  47  7:02  Zergling x4  
Show
View Real Time Build Order
Export as new Build Order

JimRising Zerg - Winner!

Build Orders: Hatch First, Roach Nydus 

Get SALT Encoding   

  12  0:00  Drone  
  13  0:12  Overlord  
  13  0:17  Drone  
  14  0:30  Drone x2  
  16  0:36  Drone  
  17  0:51  Hatchery  
  17  0:56  Drone  
  17  0:58  Drone  
  18  1:12  Spawning Pool  
  18  1:13  Drone  
  18  1:17  Drone  
  19  1:25  Extractor  
  18  1:30  Drone  
  19  1:40  Overlord  
  19  1:50  Drone  
  20  1:58  Queen  
  20  2:00  Drone  
  23  2:03  Queen  
  23  2:05  Drone  
  26  2:11  Drone  
  26  2:15  Drone  
  28  2:22  Drone  
  29  2:26  Overlord  
  29  2:32  Zergling x2  
  29  2:34  Queen  
  32  2:37  Drone  
  32  2:44  Overlord  
  33  2:53  Drone x2  
  35  3:01  Drone  
  36  3:07  Drone x4  
  36  3:11  Evolution Chamber  
  39  3:16  Drone  
  39  3:17  Drone x3  
  43  3:20  Drone  
  43  3:22  Roach Warren  
  43  3:24  Lair  
  43  3:28  Drone  
  43  3:32  Overlord  
  44  3:38  Extractor  
  44  3:39  Zerg Missile Weapons Level 1, Extractor  
  44  3:40  Drone x2  
  44  3:42  Drone x3  
  44  3:44  Drone x2  
  49  3:50  Evolution Chamber  
  48  3:56  Drone  
  48  3:57  Overlord, Drone  
  48  3:59  Overlord  
  50  4:11  Overlord  
  50  4:20  Overlord  
  50  4:21  Roach x4  
  58  4:28  Roach  
  58  4:29  Roach x3  
  66  4:32  Roach  
  66  4:36  Glial Reconstitution  
  68  4:47  Roach  
  68  4:48  Roach x4  
  78  4:56  Overlord  
  78  4:58  Roach x2  
  82  5:05  Overlord  
  82  5:06  Roach x3  
  88  5:13  Hatchery  
  87  5:16  Roach  
  87  5:19  Roach x3  
  87  5:20  Overlord  
  95  5:25  Roach x2  
  99  5:30  Overlord  
  99  5:34  Roach x2  
  103  5:40  Roach  
  105  5:47  Nydus Network  
  104  5:50  Roach x2  
  104  5:54  Overlord  
  108  6:00  Roach  
  108  6:01  Roach x2  
  113  6:07  Queen x2  
  109  6:19  Roach  
  99  6:26  Nydus Canal  
  99  6:29  Roach x3  
  99  6:30  Roach  
  97  6:37  Roach  
  91  6:42  Queen  
  87  6:47  Drone x2  
  83  6:55  Spore Crawler  
  83  6:56  Spore Crawler  
  83  6:57  Spore Crawler x2  
  83  6:59  Roach  
  71  7:02  Spore Crawler x2  
  71  7:04  Roach x2  
  71  7:05  Roach  
Tags
 
Add a new tag
Caveats
  • Supply blocks, unpowered buildings, or Contaminate may cause inaccurate times.
  • Supply counts are checked every 10 seconds.